 Dungeon Crawl Stone Soup version 0.23.1 (webtiles) character file.

Game seed: 7060628719255642941

102 CloudKeeper the Shield-Bearer (level 5, -1/42 HPs)
             Began as a Formicid Fighter on Mar 15, 2019.
             Slain by a gnoll
             ... wielding a +0 halberd
              (3 damage)
             ... on level 2 of the Dungeon.
             The game lasted 00:05:17 (1592 turns).

CloudKeeper the Shield-Bearer (Formicid Fighter)    Turns: 1592, Time: 00:05:17

Health: -1/42      AC: 11    Str: 21    XL:     5   Next: 6%
Magic:  5/5        EV:  4    Int:  8    God:
Gold:   118        SH:  9    Dex: 10    Spells: 4/4 levels left

rFire    . . .     SeeInvis +   a - +0 war axe
rCold    . . .     Gourm    .   c - +0 shield
rNeg     . . .     Faith    .   e - +0 plate armour
rPois    .         Spirit   .   (helmet unavailable)
rElec    .         Reflect  .   (no cloak)
rCorr    .         Harm     .   (no gloves)
MR       .....                  (no boots)
Stlth    ..........             (no amulet)
HPRegen  0.14/turn              g - ring of teleportation (curse)
MPRegen  0.09/turn              (no ring)

@: no status effects
A: permanent stasis, dig shafts and tunnels, four strong arms, antennae 3
a: Dig, Shaft Self


You were on level 2 of the Dungeon.
You were not hungry.

You visited 1 branch of the dungeon, and saw 3 of its levels.

You collected 118 gold pieces.

Inventory:

Hand Weapons
 a - a +0 war axe (weapon)
Armour
 c - a +0 shield (worn)
 e - a +0 plate armour (worn)
Jewellery
 g - a cursed ring of teleportation (left hand)
Scrolls
 i - a scroll of amnesia {unknown}
 j - a scroll of enchant armour {unknown}
 k - a scroll of magic mapping {unknown}
 n - 3 scrolls of identify {unknown}
 o - a scroll of teleportation {unknown}
 p - a scroll of enchant weapon {unknown}
Potions
 b - a potion of curing {unknown}
 d - a potion of might
 h - 2 potions of lignification {unknown}
 l - a potion of resistance {unknown}
Comestibles
 f - 2 rations
 m - 2 chunks of flesh


   Skills:
 + Level 3.7 Fighting
 + Level 3.1 Axes
 + Level 4.0 Armour
 + Level 4.6 Shields


You had 4 spell levels left.
You didn't know any spells.
Your spell library was empty.

Dungeon Overview and Level Annotations

Branches:
Dungeon (3/15)

Altars:


Innate Abilities, Weirdness & Mutations

You cannot be hasted, slowed, berserked, paralysed or teleported.
You can dig through walls and to a lower floor.
Your four strong arms can wield two-handed weapons with a shield.
You have a pair of large antennae on your head. (SInv)


Message History

The gnoll is severely wounded.
You closely miss the gnoll. You block the gnoll's attack.
The gnoll hits you but does no damage.
You slash the gnoll!
You kill the gnoll!
Your Armour skill increases to level 4!
You have reached level 5!
The gnoll hits you from afar with a +0 halberd.
* * * LOW HITPOINT WARNING * * *
The gnoll hits you but does no damage.
Things that are here:
a +0 club; a gnoll corpse You hit the gnoll.
The gnoll is severely wounded.
You block the gnoll's attack. The gnoll hits you with a +0 halberd!
* * * LOW HITPOINT WARNING * * *
You hit the gnoll but do no damage.
The gnoll is severely wounded.
The gnoll hits you with a +0 halberd.
You die...

#.........##.##. .
#.........# ..# ...
#.........###.#....
#............g.....
#.............>....
#..........##.#..#.
#..........# #
###############g##.#
#.........# #@##÷# {
#.........# #.##<# {
#.........# #.##.#
#.........# #.####
#.........# #.#
#.........# #.#
#..)......#####.#
#.........'.†..<#
#.........#####.#


You could see a gnoll.

Vanquished Creatures
  2 gnolls (D:2)
  An adder (D:2)
  An ooze (D:1)
  A worm (D:2)
  4 dart slugs
  2 leopard geckos (D:2)
  A giant cockroach (D:1)
  8 hobgoblins
  10 jackals
  7 kobolds
  2 quokkas (D:2)
  2 ball pythons (D:1)
  5 bats
  A frilled lizard (D:2)
  A goblin (D:1)
  4 rats
52 creatures vanquished.

Notes
Turn   | Place    | Note
-------+----------+-------------------------------------------
     0 | D:1      | CloudKeeper the Formicid Fighter began the quest for the
                  | Orb.
     0 | D:1      | Reached XP level 1. HP: 18/18 MP: 1/1
   155 | D:1      | Reached XP level 2. HP: 24/24 MP: 2/2
   410 | D:1      | Reached XP level 3. HP: 29/29 MP: 3/3
  1021 | D:2      | Reached XP level 4. HP: 10/37 MP: 4/4
  1589 | D:2      | Reached XP level 5. HP: 12/42 MP: 5/5
  1591 | D:2      | HP: 2/42 [gnoll/+0 halberd (7)]
  1592 | D:2      | Slain by a gnoll

Skill      XL: |  1  2  3  4 |
---------------+-------------+-----
Shields        | 4 |  4.6
Axes           | 3 |  3.1
Armour         | 4 |  4.0
Fighting       | |  3.7

Action                   |  1- 3 |  4- 6 || total
-------------------------+-------+-------++-------
Melee: War axe           |    80 |    92 ||   172
  Eat: Chunk             |       |     3 ||     3
Armor: Plate armour      |    41 |    69 ||   110
Dodge: Dodged            |    20 |    22 ||    42
Block: Shield            |    48 |    44 ||    92
